 Dungeon Crawl Stone Soup version 0.30-a0-232-g7c5df11ecf (webtiles) character file.

Game seed: 14487282310159859854

70 qw the Chopper (level 4, -1/28 HPs)
             Began as a Gargoyle Fighter on Oct 9, 2022.
             Slain by Grinder (3 damage)
             ... on level 3 of the Dungeon.
             The game lasted 00:00:44 (1955 turns).

qw the Chopper (Gargoyle Fighter)                   Turns: 1955, Time: 00:00:45

Health: -1/28      AC: 15    Str: 22    XL:     4   Next: 22%
Magic:  4/4        EV:  7    Int:  8    God:
Gold:   99         SH:  4    Dex:  9    Spells: 3/3 levels left

rFire   . . .      SeeInvis .    Y - +0 war axe
rCold   . . .      Faith    .    c - +0 buckler
rNeg    + . .      Spirit   .    l - +0 chain mail
rPois   inf        Reflect  .    f - +0 helmet
rElec   +          Harm     .    p - +0 cloak
rCorr   +          Rampage  .    (no gloves)
Will    .....                    (no boots)
Stlth   ..........               (no amulet)
HPRegen 0.24/turn                k - ring of resist corrosion
MPRegen 0.09/turn                (no ring)

@: no status effects
A: sickness immunity, AC +3, negative energy resistance 1, electricity
resistance, torment resistance 1, petrification resistance
a: no special abilities


You were on level 3 of the Dungeon.
You visited 1 branch of the dungeon, and saw 3 of its levels.

You collected 126 gold pieces.
You spent 27 gold pieces at shops.


Innate Abilities, Weirdness & Mutations

You are immune to sickness and miasma.
Your stone body is resilient. (AC +3)
You are immune to poison.
You resist negative energy. (rN+)
You are resistant to electric shocks. (rElec)
You are resistant to unholy torment.
You are immune to petrification.


   Skills:
 - Level 3.2 Fighting
 + Level 4.0 Axes
 - Level 3.2 Armour
 - Level 3.2 Shields


You had 3 spell levels left.
You didn't know any spells.
Your spell library was empty.

Inventory:

Hand Weapons
 b - a +0 whip
 Y - a +0 war axe (weapon)
Missiles
 i - a boomerang (quivered)
Armour
 c - a +0 buckler (worn)
 f - a +0 helmet (worn)
 l - a +0 chain mail (worn)
 p - a +0 cloak (worn)
Jewellery
 k - a ring of resist corrosion (left hand)
Scrolls
 a - a scroll of acquirement {unknown}
 g - 2 scrolls of identify
Potions
 d - a potion of might
 e - a potion of heal wounds {unknown}
 h - a potion of lignification {unknown}
 j - a potion of magic {unknown}
 m - a potion of curing {unknown}
 q - a potion of brilliance {unknown}
 r - a potion of attraction {unknown}

Dungeon Overview and Level Annotations

Branches:
Dungeon (3/15)

Altars:

Shops:
D:1 *

Annotations:
D:3 Grinder


Message History

Grinder gestures at you. You resist with significant effort.
You hit Grinder but do no damage.
Grinder is lightly wounded.
Grinder gestures at you. Pain shoots through your body!
Grinder barely misses you.
You hit Grinder but do no damage.
Grinder is lightly wounded.
You block Grinder's attack.
You slash Grinder!
Grinder is moderately wounded.
Grinder hits you but does no damage.
You hit Grinder.
Grinder is heavily wounded.
Grinder hits you.
You writhe in agony.
You hit Grinder.
Grinder is heavily wounded.
Grinder hits you but does no damage. Grinder hits you.
You hit Grinder.
Grinder is heavily wounded.
Grinder gestures at you.
You suddenly lose the ability to move!
Grinder hits you but does no damage. Grinder hits you.
You writhe in agony.
You can move again.
You closely miss Grinder.
Grinder is heavily wounded.
Grinder hits you but does no damage. x2
You slash Grinder!
Grinder is severely wounded.
Grinder gestures at you.
You shrug off the repeated paralysis!
You closely miss Grinder.
Grinder is severely wounded.
Grinder gestures at you. Pain shoots through your body!
You closely miss Grinder.
Grinder is severely wounded.
Grinder hits you but does no damage. Grinder hits you.
You die...

................# #..
#######.........# ###
.########.........######
......%.................
..............##.....)..
........................
#.............#####.#.##
#........<....# #....#
#......@...8### ###8.#
#......5....+ +..#
#..........8# #8.#
#.............# ...#
#........##.#.# ####
#........# ..[.
########.# ... .# ##


You could see Grinder.

Vanquished Creatures
  2 adders (D:2)
  2 dart slugs
  2 orcs (D:3)
  4 ball pythons
  3 bats
  6 endoplasms
  3 giant cockroaches
  4 hobgoblins
  A quokka (D:1)
  A frilled lizard (D:2)
  6 goblins
  5 kobolds
  3 rats
42 creatures vanquished.

Notes
Turn   | Place    | Note
-------+----------+-------------------------------------------
     0 | D:1      | qw the Gargoyle Fighter began the quest for the Orb.
     0 | D:1      | Reached XP level 1. HP: 14/14 MP: 1/1
     0 | D:1      | 0 ||| qw: Version: 0.2-a-17-g06abaee
     0 | D:1      | 0 ||| qw: Game counter: 2308
     0 | D:1      | 0 ||| qw: Always use a shield: true
     0 | D:1      | 0 ||| qw: God list: Okawaru
     0 | D:1      | 0 ||| qw: Allow faded altars: false
     0 | D:1      | 0 ||| qw: Do Orc after D:15 true
     0 | D:1      | 0 ||| qw: Do second Lair branch before Depths: true
     0 | D:1      | 0 ||| qw: Lair rune preference: random
     0 | D:1      | 0 ||| qw: Plans: Normal, Zot:1-4, God:TSO, Crypt, Tomb,
                  | Pan, Slime:5, Hells, Abyss, Orb
     0 | D:1      | 0 ||| PLANNING D:1-11
    45 | D:1      | Reached skill level 2 in Axes
   142 | D:1      | 142 ||| Stepping ~*~*~tactically~*~*~ (hiding).
   151 | D:1      | Reached XP level 2. HP: 19/19 MP: 2/2
   345 | D:1      | Found Peihif's Assorted Antiques.
   357 | D:1      | 357 ||| BUYING scroll labelled FITEZX DAIHEGG (27 gold).
   357 | D:1      | Bought a scroll labelled FITEZX DAIHEGG for 27 gold pieces
   357 | D:1      | 357 ||| SHOPLISTING scroll labelled KALLAILOATT (27 gold,
                  | have 25).
   357 | D:1      | 357 ||| SHOPLISTING scroll labelled KEGADUJ ZUIKH (27 gold,
                  | have 25).
   357 | D:1      | 357 ||| SHOPLISTING scroll labelled POGURA TEKHOE (27 gold,
                  | have 25).
   357 | D:1      | 357 ||| SHOPLISTING shiny plate armour (702 gold, have 25).
   885 | D:1      | 885 ||| UPGRADING to +0 helmet.
   890 | D:1      | 890 ||| UPGRADING to ring of resist corrosion.
   891 | D:1      | 891 ||| READING scroll labelled KALLAILOATT.
   892 | D:1      | 892 ||| READING 2 scrolls labelled WAETUC FOUDWA.
   893 | D:1      | 893 ||| READING scroll labelled FITEZX DAIHEGG.
   894 | D:1      | 894 ||| DRINKING 2 clear potions.
   999 | D:1      | 999 ||| DROPPING scroll of fear.
  1000 | D:1      | 1000 ||| DROPPING potion of berserk rage.
  1043 | D:2      | Reached skill level 3 in Axes
  1078 | D:2      | 1078 ||| Stepping ~*~*~tactically~*~*~ (stealth).
  1099 | D:2      | Reached XP level 3. HP: 23/23 MP: 3/3
  1102 | D:2      | 1102 ||| Stepping ~*~*~tactically~*~*~ (stealth).
  1105 | D:2      | 1105 ||| Stepping ~*~*~tactically~*~*~ (stealth).
  1112 | D:2      | 1112 ||| Stepping ~*~*~tactically~*~*~ (stealth).
  1223 | D:2      | 1223 ||| Stepping ~*~*~tactically~*~*~ (water).
  1586 | D:2      | Reached XP level 4. HP: 28/28 MP: 4/4
  1728 | D:2      | 1728 ||| UPGRADING to +0 chain mail.
  1738 | D:2      | 1738 ||| DROPPING +0 scale mail.
  1739 | D:2      | 1739 ||| UPGRADING to +0 cloak.
  1744 | D:2      | 1744 ||| READING scroll labelled GITUNU HAISMOIT.
  1745 | D:2      | 1745 ||| READING 2 scrolls labelled POGURA TEKHOE.
  1746 | D:2      | 1746 ||| READING scroll labelled LARCHY OTWO.
  1747 | D:2      | 1747 ||| READING scroll labelled FOZYAZXA JAOSA.
  1845 | D:3      | 1845 ||| DROPPING +0 club.
  1906 | D:3      | 1906 ||| Stepping ~*~*~tactically~*~*~ (stealth).
  1907 | D:3      | 1907 ||| Stepping ~*~*~tactically~*~*~ (stealth).
  1916 | D:3      | Reached skill level 4 in Axes
  1937 | D:3      | Noticed Grinder
  1949 | D:3      | Paralysed by Grinder for 3 turns
  1951 | D:3      | HP: 7/28 [Grinder (4)]
  1954 | D:3      | HP: 2/28 [Grinder/nerve-wracking pain (4)]
  1955 | D:3      | Slain by Grinder

Levels and vault maps discovered:
D:1:      mainiacjoe_arrival_reflecting_pool, layout_loops_ring, serial_shops,
          shop, minmay_hexomino_u4
D:2:      wander_river, layout_loops_ring
D:3:      layout_basic, dreamdust_ecumenical_altar_angels_and_demons,
          uniq_grinder

Skill      XL: |  1  2  3  4 |
---------------+-------------+-----
Axes           | 2 3 4 |  4.0
Fighting       | |  3.2
Armour         | |  3.2
Shields        | |  3.2

Action                   |  1- 3 |  4- 6 || total
-------------------------+-------+-------++-------
Melee: War axe           |    87 |    39 ||   126
Throw: Boomerang         |     6 |    14 ||    20
  Use: Scroll            |     3 |     4 ||     7
       Potion            |     1 |       ||     1
Armor: Scale mail        |    48 |       ||    48
       Chain mail        |       |    21 ||    21
Dodge: Dodged            |    34 |    11 ||    45
Block: Buckler           |    18 |     4 ||    22

Table legend:
 A = Non-vault XP
 B = Vault XP
 C = Vault XP percentage of total XP
 D = Non-vault monster count
 E = Vault monster count
 F = Vault count percentage of total count
                 A         B        C        D         E       F
            +---------+---------+-------+---------+---------+-------
      Total |      92 |       9 |   8.9 |      37 |       5 |  11.9
            +---------+---------+-------+---------+---------+-------
        D:1 |      17 |       9 |  34.6 |       9 |       5 |  35.7
        D:2 |      57 |       0 |   0.0 |      20 |       0 |   0.0
        D:3 |      18 |       0 |   0.0 |       8 |       0 |   0.0
            +---------+---------+-------+---------+---------+-------
